Unix NetHack Version 5.0.0-0 post-release - last build May 23 2026 06:08:33 (1c0ff79ee797540d5714e4e18072db0edd9e58ae,branch:main).

Game began 2026-05-27 05:53:53, ended 2026-05-27 05:59:46.

Atomicjoy, chaotic male elven Wizard

                                                                 ----
                                                                 |..|
                                                                 |..--
                                                                 --..|
                                                                  |..--
                                                                  --G.|
                                                                   --@--
                                                                   --..---
                                                                  --...f.|
                                                                  |......--
                                                                  --......---
                                                                   |...<....|
                                                                   --......--
                                                                    |......|
                                                                    ..--.---
                                                                   ...| --
                                                                   ----

Atomicjoy the Evoker      St:10 Dx:12 Co:12 In:20 Wi:12 Ch:11  Chaotic
Dlvl:3  $:74 HP:0(12) Pw:7(7) AC:9  Xp:1/6 T:651 

Latest messages:
 The kitten misses the newt.
 You miss the newt.
 The kitten misses the newt.
 The kitten bites the newt.
 The newt is killed!
 You swap places with your kitten.
 You swap places with your kitten.
 The kitten misses the lichen.
 The kitten bites the lichen.
 The lichen is killed!
 The grid bug just misses!
 The grid bug bites!
 You avoid harm.
 You hear some noises.
 You hear some noises in the distance.
 You see here 2 gold pieces.
 $ - 2 gold pieces (74 in total).
 You feel strong!
 You must have been exercising diligently.
 You feel tough!
 You must have been leading a healthy life-style.
 You descend the stairs.
 What do you want to put on? [denqs or ?*] ?
 Which ring-finger, Right or Left? [rl] r
 You move very quietly.
 e - an uncursed ring of stealth (on right hand).
 The kitten bites the gnome.
 The gnome hits the kitten.
 The kitten misses the gnome.
 The kitten bites the gnome.
 The gnome is killed!
 The kitten misses the gnome.
 The gnome throws a dagger!
 You are hit by a dagger.
 u - a dagger.
 The kitten misses the gnome.
 The kitten bites the gnome.
 The gnome wields 2 daggers!
 The gnome throws a dagger!
 A dagger misses you.
 Your kitten eats a gnome corpse.
 You see here a dagger.
 u - a dagger (2 in total).
 The gnome picks up a gray stone.
 The gnome thrusts his dagger.
 The gnome hits!
 The gnome thrusts his dagger.
 The gnome hits!
 You die...
 Do you want your possessions identified? [ynq] (y) q

Inventory:
 Coins    ('$')
  $ - 74 gold pieces
 Weapons  (')')
  u - 2 +0 daggers
  a - a blessed +1 quarterstaff (weapon in hands)
 Armor    ('[')
  b - an uncursed +0 cloak of magic resistance (being worn)
 Comestibles  ('%')
  p - 3 uncursed food rations
  t - an uncursed lichen corpse
 Scrolls  ('?')
  j - 3 uncursed scrolls of identify
  i - an uncursed scroll of light
  r - an uncursed scroll of magic mapping
 Spellbooks  ('+')
  l - an uncursed spellbook of detect food
  k - a blessed spellbook of force bolt
 Potions  ('!')
  g - 2 uncursed potions of blindness
  h - an uncursed potion of booze
  f - an uncursed potion of confusion
 Rings    ('=')
  d - an uncursed ring of shock resistance
  e - an uncursed ring of stealth (on right hand)
  q - an uncursed ring of stealth
 Wands    ('/')
  c - a wand of polymorph (0:5)
 Tools    ('(')
  o - an uncursed bugle
  n - an uncursed blindfold
  m - a magic marker (0:20)
  s - an uncursed towel

Atomicjoy the Wizard's attributes:

Background:
 You were an Evoker, a level 1 male elven Wizard.
 You were chaotic, on a mission for Anhur
 who was opposed by Ptah (lawful) and Thoth (neutral).
 You were right-handed.
 You were in the Gnomish Mines, on level 3.
 You entered the dungeon 651 turns ago.
 It was nighttime.
 You had 6 experience points, 14 more were needed to attain level 2.

Basics:
 You had 0 out of 12 hit points.
 You had all 7 energy points (spell power).
 Your armor class was 9.
 Your wallet contained 74 zorkmids.
 Autopickup was off.

Final Characteristics:
 Your strength was 10 (limit:18).
 Your dexterity was 12 (limit:18).
 Your constitution was 12 (limit:16).
 Your intelligence was 20 (limit:20).
 Your wisdom was 12 (limit:20).
 Your charisma was 11 (limit:18).

Final Status:
 You weren't hungry.
 You were unencumbered.
 You were wielding a quarterstaff.
 You had basic skill with quarterstaff.

Final Attributes:
 You were fervently aligned.
 You were magic-protected.
 You had infravision.
 You were stealthy.
 You were warded.
 You are dead.

Miscellaneous:
 You didn't encounter any bones levels.
 Total elapsed playing time was 5 minutes and 52 seconds.

Major events:
 Turn
    1: Atomicjoy the chaotic male elven Wizard entered the dungeon
  631: entered the Gnomish Mines
  651: killed by a gnome

Spells:
 Name                 Level Category     Fail Retention
 force bolt             1   attack         0%  91%-100%
 detect food            2   divination    37%  76%-100%

Skills:
 Fighting Skills
   bare handed combat [Unskilled]
   riding             [Unskilled]
 Weapon Skills
   dagger             [Unskilled]
   knife              [Unskilled]
   axe                [Unskilled]
   short sword        [Unskilled]
   club               [Unskilled]
   mace               [Unskilled]
   quarterstaff       [Basic]
   polearms           [Unskilled]
   spear              [Unskilled]
   trident            [Unskilled]
   sling              [Unskilled]
   dart               [Unskilled]
   shuriken           [Unskilled]
 Spellcasting Skills
   attack spells      [Basic]
   healing spells     [Unskilled]
   divination spells  [Unskilled]
   enchantment spells [Basic]
   clerical spells    [Unskilled]
   escape spells      [Unskilled]
   matter spells      [Unskilled]

Voluntary challenges:
 Character rerolling was not enabled.
 You were illiterate.
 You never genocided any monsters.
 You never polymorphed an object.
 You never changed form.
 You used no wishes.
Achievement:
 You entered the Gnomish Mines.

 The Dungeons of Doom: levels 1 to 3
    Level 1:
    Level 2:
       Some fountains, a sink.
       Stairs down to The Gnomish Mines.
    Level 3:
 The Gnomish Mines:
    Level 3: <- You were here.
       Final resting place for
          you, killed by a gnome.


Vanquished creatures:
  a gnome
  a jackal
  a fox
  a goblin
  a grid bug
  3 lichens
  2 newts
10 creatures vanquished.

No species were genocided or became extinct.

Game over:
                       ----------
                      /          \
                     /    REST    \
                    /      IN      \
                   /     PEACE      \
                  /                  \
                  |    Atomicjoy     |
                  |      74 Au       |
                  |   killed by a    |
                  |      gnome       |
                  |                  |
                  |                  |
                  |       2026       |
                 *|     *  *  *      | *
        _________)/\\_//(\/(/\)/\//\/|_)_______

Goodbye Atomicjoy the Wizard...

You died in The Gnomish Mines on dungeon level 3 with 191 points,
and 74 pieces of gold, after 651 moves.
You were level 1 with a maximum of 12 hit points when you died.

